 Dungeon Crawl Stone Soup version 0.27.1 (webtiles) character file.

Game seed: 16783432730985980701

366 karkarkar the Cleaver (level 6, -4/51 HPs)
             Began as a Minotaur Berserker on Sept 3, 2021.
             Was a Believer of Trog.
             Slain by an ogre (22 damage)
             ... on level 4 of the Dungeon.
             The game lasted 00:04:05 (2527 turns).

karkarkar the Cleaver (Minotaur Berserker)          Turns: 2527, Time: 00:04:06

Health: -4/51      AC:  6    Str: 23    XL:     6   Next: 40%
Magic:  5/5        EV: 11    Int:  4    God:    Trog [**....]
Gold:   103        SH:  0    Dex: 10    Spells: 5/5 levels left

rFire    . . .     SeeInvis .   a - +0 war axe
rCold    . . .     Faith    .   (no shield)
rNeg     . . .     Spirit   .   i - +0 ring mail
rPois    .         Reflect  .   (helmet restricted)
rElec    .         Harm     .   (no cloak)
rCorr    .         Rampage  .   f - +0 pair of gloves
Will     .....                  (no boots)
Stlth    +.........             (no amulet)
HPRegen  0.17/turn              (no ring)
MPRegen  0.09/turn              (no ring)

@: no status effects
A: horns 2, retaliatory headbutt
a: Renounce Religion, Berserk, Trog's Hand


You were on level 4 of the Dungeon.
You worshipped Trog.
Trog was pleased with you.
You visited 1 branch of the dungeon, and saw 4 of its levels.

You collected 103 gold pieces.

Inventory:

Hand Weapons
 a - a +0 war axe (weapon)
Armour
 f - a +0 pair of gloves (worn)
 i - a +0 ring mail (worn)
Wands
 l - a wand of mindburst (2)
 m - a wand of polymorph (8)
Scrolls
 b - a scroll of enchant weapon {unknown}
 c - a scroll of noise {unknown}
 e - a scroll of blinking {unknown}
 g - a scroll of amnesia {unknown}
 h - a scroll of magic mapping {unknown}
 j - a scroll of vulnerability {unknown}
Potions
 d - a potion of ambrosia
 k - a potion of curing
 n - a potion of mutation {unknown}


   Skills:
 - Level 3.6 Fighting
 + Level 8.6 Axes
 - Level 2.4 Armour
 - Level 2.1 Dodging
 + Level 0.5 Stealth
 + Level 0.2 Evocations


You had 5 spell levels left.
You didn't know any spells.
Your spell library was empty.

Dungeon Overview and Level Annotations

Branches:
Dungeon (4/15)
 Temple: D:4-7

Altars:
Nemelex Xobeh


Innate Abilities, Weirdness & Mutations

You have a pair of horns on your head.
You reflexively headbutt those who attack you in melee.


Message History

No target in view!
A hobgoblin comes into view.
The hobgoblin shouts!
Found a spear.
You closely miss the hobgoblin.
The hobgoblin hits you but does no damage.
You hit the hobgoblin but do no damage. The hobgoblin barely misses you.
You barely miss the hobgoblin.
The hobgoblin hits you but does no damage.
You barely miss the hobgoblin. The hobgoblin barely misses you.
You barely miss the hobgoblin. The hobgoblin barely misses you.
You slash the hobgoblin!
You kill the hobgoblin!
Trog accepts your kill.
No target in view!
Things that are here:
a +0 dagger of protection; a kobold corpse You see here a hobgoblin corpse.
Found a mace.
An ogre comes into view. It is wielding a +0 giant spiked club.
Found a scroll labelled LOOCKY YQAU.
The ogre shouts!
Found 13 stones.
Found a scroll of identify.
You hit the ogre. Your headbutt misses the ogre.
The ogre is lightly wounded.
The ogre hits you with a +0 giant spiked club!
You hit the ogre.
The ogre is moderately wounded.
The ogre hits you with a +0 giant spiked club!!
Ouch! That really hurt!
* * * LOW HITPOINT WARNING * * *
You are too injured to fight recklessly!
You are too injured to fight recklessly!
You are too injured to fight recklessly!
You feel better.
You slash the ogre!
The ogre is severely wounded.
The ogre hits you with a +0 giant spiked club!!
You die...

#....# ... #... .......#
..## ##... .........#
#...####....
###.......##
#...##....##
........#####.........##
..........##...........#
#.......................
...........).##.........
......O@....# #.........
...?...##...####........
.....(# #....# #...#....
.....# ##...# #...###..
?...# ##..####..###..
...# #...# #....... ..#
##..# #....### .#
##.###...## #..#...##


You could see an ogre.

Vanquished Creatures
  An ogre (D:4)
  A phantom (D:4)
  A jelly (D:4)
  2 orc priests (D:3)
  An orc wizard (D:3)
  2 adders
  A gnoll (D:2)
  An adder skeleton (D:4)
  2 worms
  A dart slug (D:1)
  2 orcs (D:3)
  2 ball pythons (D:2)
  An endoplasm (D:2)
  7 hobgoblins
  2 quokkas
  2 bats (D:3)
  2 frilled lizards (D:1)
  5 goblins
  11 kobolds
  5 rats
52 creatures vanquished.

Notes
Turn   | Place    | Note
-------+----------+-------------------------------------------
     0 | D:1      | karkarkar the Minotaur Berserker began the quest for the
                  | Orb.
     0 | D:1      | Reached XP level 1. HP: 19/19 MP: 0/0
   101 | D:1      | Reached skill level 4 in Axes
   269 | D:1      | Reached XP level 2. HP: 24/26 MP: 1/1
   288 | D:1      | Found a faded altar of an unknown god.
   336 | D:1      | You fall into a shaft and drop 1 floor!
   860 | D:2      | Reached skill level 5 in Axes
   860 | D:2      | Reached XP level 3. HP: 7/31 MP: 2/2
  1312 | D:3      | Found a sparkling altar of Nemelex Xobeh.
  1772 | D:3      | Reached skill level 6 in Axes
  1772 | D:3      | Reached XP level 4. HP: 39/39 MP: 3/3
  1772 | D:3      | Reached ** piety under Trog
  1779 | D:3      | Reached skill level 7 in Axes
  1779 | D:3      | Reached XP level 5. HP: 23/45 MP: 4/4
  2074 | D:4      | Noticed a phantom
  2082 | D:4      | Killed a phantom
  2083 | D:4      | Reached skill level 8 in Axes
  2083 | D:4      | Reached XP level 6. HP: 48/51 MP: 5/5
  2527 | D:4      | Slain by an ogre

Illustrated notes

Levels and vault maps discovered:
D:1:      heliophobic_arrival_dark_side_of_the_moon, layout_loops_ring,
          shapermc_ecumenical_altar_ellora
D:2:      minmay_diamond_boxcup, layout_basic,
          hangedman_abyss_or_decor_lesser_grid
D:3:      layout_basic, mainiacjoe_overflow_chevrons, minmay_goblin_kobold_house
D:4:      layout_layer_cave

Skill      XL: |  1  2  3  4  5 |
---------------+----------------+-----
Axes           | 4 5 6 7 8 |  8.6
Fighting       | |  3.6
Armour         | |  2.4
Dodging        | |  2.1
Stealth        | |  0.5
Evocations     | |  0.2

Action                   |  1- 3 |  4- 6 || total
-------------------------+-------+-------++-------
Melee: Hand axe          |    55 |       ||    55
       Headbutt          |    11 |     5 ||    16
       War axe           |     3 |    43 ||    46
Evoke: Wand              |       |     3 ||     3
  Use: Scroll            |     3 |       ||     3
       Potion            |       |     1 ||     1
Armor: Animal skin       |     4 |       ||     4
       Ring mail         |    14 |     6 ||    20
Dodge: Dodged            |    35 |    17 ||    52
